 Dungeon Crawl Stone Soup version 0.31-a0-986-g5e6e4ef867 (webtiles) character file.

Game seed: 14973242712271439502

17227 DocClef the Blocker (level 12, 0/87 HPs)
             Began as a Gnoll Fighter on Nov 3, 2023.
             Was an Elder of Hepliaklqana.
             Slain by a sun demon (11 damage)
             ... in a volcano.
             The game lasted 00:19:39 (10885 turns).

DocClef the Blocker (Gnoll Fighter)                Turns: 10885, Time: 00:19:39

Health: 0/87       AC: 14    Str: 19    XL:     12   Next: 45%
Magic:  23/23      EV: 14    Int:  5    God:    Hepliaklqana [****..]
Gold:   685        SH: 11    Dex: 12    Spells: 25/25 levels left

rFire   + + .        G - +7 Throatcutter {drain, coup de grace}
rCold   + . .        c - +0 buckler
rNeg    . . .        C - +1 leather armour {rF+}
rPois   +            x - +3 helmet "Hero's Friend" {rElec rPois rC++ Regen+ Dex-4}
rElec   +            E - +0 cloak
rCorr   .            b - +2 pair of gloves
SInv    +            (no boots)
Will    .....        u - amulet of reflection
Stlth   +++          n - ring of see invisible
HPRegen 0.00/turn    H - ring of fire
MPRegen 0.18/turn

%: reflection
@: mighty, inhibited regen
A: reduced essence, fangs 1, strong nose, distributed training, dopey 1,
inhibited regeneration, strong 1, noise suppression, devolution 1
a: Renounce Religion, Recall Ancestor, Ancestor Identity, Transference, Idealise


You were in a volcano.
You worshipped Hepliaklqana.
Hepliaklqana was greatly pleased with you.
You visited 3 branches of the dungeon, and saw 12 of its levels.
You also visited: Bailey and Volcano.

You collected 685 gold pieces.

Inventory:

Hand Weapons
 F - a +1 whip of electrocution
 G - the +7 Throatcutter (weapon) {drain, coup de grace}
   (You found it on level 9 of the Dungeon)
Missiles
 h - 3 throwing nets
Armour
 b - a +2 pair of gloves (worn)
 c - a +0 buckler (worn)
 x - the +3 helmet "Hero's Friend" (worn) {rElec rPois rC++ Regen+ Dex-4}
   (You found it on level 5 of the Dungeon)

   Dex-4:     It affects your dexterity (-4).
   rC++:      It greatly protects you from cold.
   rElec:     It insulates you from electricity.
   rPois:     It protects you from poison Regen+: It increases your rate of
   health regeneration.
 C - a +1 leather armour of fire resistance (worn)
 E - a +0 cloak (worn)
Jewellery
 i - a ring of positive energy
 n - a ring of see invisible (left hand)
 u - an amulet of reflection (around neck)
 H - a ring of fire (right hand)
Wands
 w - a wand of flame (48)
 B - a wand of acid (14)
Scrolls
 e - a scroll of fog
 g - 4 scrolls of fear
 l - 5 scrolls of identify
 m - 2 scrolls of blinking
 p - 3 scrolls of enchant weapon
 q - 3 scrolls of teleportation
 s - a scroll of summoning
 v - a scroll of poison
 D - 4 scrolls of acquirement {unknown}
Potions
 a - a potion of attraction
 f - a potion of mutation
 j - 3 potions of heal wounds
 k - a potion of haste {unknown}
 o - a potion of resistance {unknown}
 t - 2 potions of enlightenment {unknown}
 z - a potion of berserk rage {unknown}
 A - 4 potions of curing {unknown}


   Skills:
 + Level 10.0 Fighting
 + Level 7.4 Short Blades
 + Level 7.4 Long Blades
 + Level 8.8 Axes
 + Level 7.4 Maces & Flails
 + Level 7.4 Polearms
 + Level 7.4 Staves
 + Level 7.4 Ranged Weapons
 + Level 7.4 Throwing
 + Level 10.0 Armour
 + Level 7.4 Dodging
 + Level 7.4 Stealth
 + Level 10.0 Shields
 + Level 7.4 Unarmed Combat
 + Level 7.4 Spellcasting
 + Level 6.2 Conjurations
 + Level 6.2 Hexes
 + Level 6.2 Summonings
 + Level 6.2 Necromancy
 + Level 6.2 Translocations
 + Level 6.2 Transmutations
 + Level 6.2 Fire Magic
 + Level 6.2 Ice Magic
 + Level 6.2 Air Magic
 + Level 6.2 Earth Magic
 + Level 6.2 Poison Magic
 + Level 8.1 Invocations
 + Level 7.4 Evocations
 + Level 6.8 Shapeshifting


You had 25 spell levels left.
You didn't know any spells.
Your spell library contained the following spells:

 Spells                   Type           Power      Damage    Failure   Level
 Kiss of Death            Conj/Necr      32%        2d7       2%          1
 Sting                    Tmut/Pois      32%        1d4       2%          1
 Lesser Beckoning         Tloc           16%        N/A       4%          2
 Poisonous Vapours        Pois/Air       16%        N/A       4%          2
 Static Discharge         Conj/Air       16%        3-4/arc   4%          2
 Confusing Touch          Hex            8%         N/A       9%          3
 Gell's Gravitas          Tloc           8%         N/A       9%          3
 Teleport Other           Tloc           8%         N/A       9%          3
 Volatile Blastmotes      Fire/Tloc      24%        2d12      9%          3
 Airstrike                Air            4%         2d(1-17)  26%         4
 Dispel Undead            Necr           8%         3d8       26%         4
 Fulminant Prism          Conj/Hex       4%         3d5       26%         4
 Iskenderun's Mystic Bla  Conj/Tloc      8%         2d4       26%         4
 Olgreb's Toxic Radiance  Pois           8%         N/A       26%         4
 Summon Lightning Spire   Summ/Air       8%         N/A       26%         4
 Dispersal                Tloc           4%         N/A       99%         6


Dungeon Overview and Level Annotations

Branches:
Dungeon (10/15)            Temple (1/1) D:5            Lair (1/5) D:8
 Bailey (visited)         Volcano (1/1)
    Orc: D:9-12

Altars:
Ashenzari
Cheibriados
Dithmenos
Elyvilon
Fedhas
Gozag
Hepliaklqana
Kikubaaqudgha
Makhleb
Nemelex Xobeh
Okawaru
Qazlal
Ru
Sif Muna
Trog
Uskayaw
Vehumet
Wu Jian
Xom
Yredelemnul
Zin
The Shining One

Shops:
D:10 ((*:*

Annotations:
D:5 2 transporters, PowderKeg's ghost, novice MeFi


Innate Abilities, Weirdness & Mutations

Your life essence is reduced to manifest your ancestor. (-10% HP)
You have very sharp teeth.
Your uncanny sense of smell can sniff out nearby items.
Your experience applies equally to all skills.
You are dopey. (Int -2)
You do not regenerate when monsters are visible.
Your muscles are strong. (Str +4, Int/Dex -1)
You passively dampen the noise of your surroundings.
You have hidden genetic defects.


Message History

Something smites you!
You hit the smoke demon but do no damage.
You bite the smoke demon, but do no damage.
The smoke demon is moderately wounded.
The smoke demon gestures at you. The sticky flame hits you. You resist.
You are covered in liquid flames!
Psammuthes hits the smoke demon with a +0 quarterstaff!
You completely miss the smoke demon.
The smoke demon is heavily wounded.
You are covered in liquid flames!
The smoke demon hits you but does no damage. x2
The smoke demon closely misses you.
Psammuthes gestures at the smoke demon while chanting.
The stone arrow hits the smoke demon!
You slash the smoke demon!
You kill the smoke demon!
You are covered in liquid flames!
You are no longer on fire.
A sun demon comes into view.
A sun demon comes into view.
The sun demon shouts!
You swap places.
Psammuthes casts a spell at the sun demon.
The stone arrow hits the sun demon!
You feel very mighty all of a sudden.
You slash the sun demon!
The sun demon is moderately wounded.
The sun demon hits you!!
You are engulfed in flames.
You resist.
You closely miss the sun demon.
The sun demon is moderately wounded.
The sun demon hits you!!
You are engulfed in flames.
You resist.
* * * LOW HITPOINT WARNING * * *
The sun demon hits you!
* * * LOW HITPOINT WARNING * * *
You are engulfed in flames.
You resist.
* * * LOW HITPOINT WARNING * * *
Psammuthes points at the sun demon and mumbles some strange words.
The stone arrow hits the sun demon!
The sun demon hits you!
You die...

###########
..#.##....###
............###
.#..#....≈....###
...###.≈..#≈...§##
###............§.##
#§##.#§≈§####..§§##
##.....§§# ##.§§.##
# ###.....# ##@R..#
## ##.....# #33..#
.###.....## #....#
R#......## #8..8#
.§.....≈# #....#
§§.....≈# #....#
.§......# #8..8#
§§#....§### ##++##
#####...[§##


You could see the friendly Psammuthes the battlemage and 2 sun demons.

Vanquished Creatures
  A vault guard (Bailey)
  A catoblepas (D:10)
  A two-headed ogre (D:8)
  3 sun demons (Volcano)
  3 smoke demons (Volcano)
  4 kobold demonologists (D:9)
  A cane toad (Lair:1)
  A rime drake (D:8)
  A troll (D:10)
  6 yaks
  2 humans (Bailey)
  5 steam dragons
  Menkaure (D:5)
  A hell hound (Volcano)
  Duvessa (D:5)
  A water moccasin (D:5)
  3 ice beasts
  3 wolves
  An ogre (D:5)
  A centaur (D:6)
  A phantom (D:4)
  3 kobold brigands (D:9)
  Blork the orc (D:5)
  8 bullfrogs
  A scorpion (D:6)
  6 wights
  Dowan (D:5)
  3 killer bees
  A howler monkey (D:8)
  4 electric eels (D:10)
  6 orc priests
  3 hounds
  2 jellies
  A gnoll bouda (D:9)
  4 sleepcaps
  Jessica (D:3)
  6 iguanas
  11 orc wizards
  15 adders
  5 gnolls
  A shadow imp (D:6)
  An ufetubus (D:6)
  3 worms
  2 dart slugs
  26 orcs
  7 ball pythons
  6 bats
  3 endoplasms
  4 giant cockroaches
  10 hobgoblins
  2 jackals (D:2)
  8 kobolds
  7 quokkas
  6 frilled lizards
  8 goblins
  6 rats
224 creatures vanquished.

Vanquished Creatures (collateral kills)
  A vault guard (Bailey)
  A two-headed ogre (D:10)
  3 smoke demons (Volcano)
  Prince Ribbit (Bailey)
  A human (Bailey)
  A wyvern (D:10)
  A yak (D:8)
  2 steam dragons (Volcano)
  A hell hound (Volcano)
  An acid dragon (D:9)
  An orc warrior (D:6)
  3 ice beasts
  2 sky beasts (D:7)
  An ogre (D:5)
  2 centaurs
  4 kobold brigands
  7 bullfrogs
  7 wights
  4 electric eels (D:10)
  A howler monkey (D:8)
  2 jellies
  4 orc wizards
  5 gnolls
  An ufetubus (D:6)
  10 orcs
  A goblin (Bailey)
  8 kobolds
76 creatures vanquished.

Vanquished Creatures (others)
  4 battlemagi
  2 ancestors (D:6)
  A kobold (D:8)
7 creatures vanquished.

Grand Total: 307 creatures vanquished

Notes
Turn   | Place    | Note
-------+----------+-------------------------------------------
     0 | D:1      | DocClef the Gnoll Fighter began the quest for the Orb.
     0 | D:1      | Reached XP level 1. HP: 23/23 MP: 1/1
   138 | D:1      | Reached XP level 2. HP: 26/29 MP: 2/2
   773 | D:1      | Reached XP level 3. HP: 35/35 MP: 3/3
  1042 | D:2      | Reached skill level 1 in Invocations
  1186 | D:2      | Reached skill level 1 in Short Blades
  1186 | D:2      | Reached skill level 1 in Long Blades
  1186 | D:2      | Reached skill level 1 in Maces & Flails
  1186 | D:2      | Reached skill level 1 in Polearms
  1186 | D:2      | Reached skill level 1 in Staves
  1186 | D:2      | Reached skill level 1 in Ranged Weapons
  1186 | D:2      | Reached skill level 1 in Throwing
  1186 | D:2      | Reached skill level 1 in Dodging
  1186 | D:2      | Reached skill level 1 in Stealth
  1186 | D:2      | Reached skill level 1 in Unarmed Combat
  1186 | D:2      | Reached skill level 1 in Spellcasting
  1186 | D:2      | Reached skill level 1 in Evocations
  1213 | D:2      | Reached XP level 4. HP: 38/41 MP: 5/5
  1262 | D:2      | Reached skill level 1 in Shapeshifting
  1804 | D:3      | Reached skill level 1 in Conjurations
  1804 | D:3      | Reached skill level 1 in Hexes
  1804 | D:3      | Reached skill level 1 in Summonings
  1804 | D:3      | Reached skill level 1 in Necromancy
  1804 | D:3      | Reached skill level 1 in Translocations
  1804 | D:3      | Reached skill level 1 in Transmutations
  1804 | D:3      | Reached skill level 1 in Fire Magic
  1804 | D:3      | Reached skill level 1 in Ice Magic
  1804 | D:3      | Reached skill level 1 in Air Magic
  1804 | D:3      | Reached skill level 1 in Earth Magic
  1804 | D:3      | Reached skill level 1 in Poison Magic
  2000 | D:3      | Reached XP level 5. HP: 47/47 MP: 5/7
  2357 | D:3      | Noticed Jessica
  2456 | D:3      | Found a hazy altar of Hepliaklqana.
  2486 | D:3      | Killed Jessica
  2584 | D:3      | Became a worshipper of Hepliaklqana the Forgotten
  2659 | D:3      | Found a snail-covered altar of Cheibriados.
  2953 | D:4      | Reached XP level 6. HP: 40/53 MP: 8/8
  2964 | D:4      | Reached skill level 5 in Axes
  3469 | D:5      | Entered Level 5 of the Dungeon
  3469 | D:5      | Found a transporter.
  3470 | D:5      | Noticed PowderKeg's ghost (novice MeFi)
  3626 | D:5      | Noticed Blork the orc
  3808 | D:5      | Killed Blork the orc
  3809 | D:5      | Reached XP level 7. HP: 38/60 MP: 10/10
  3896 | D:5      | Found a staircase to the Ecumenical Temple.
  3918 | D:5      | Noticed Duvessa
  3918 | D:5      | Noticed Dowan
  3931 | D:5      | Killed Duvessa
  3946 | D:5      | Killed Dowan
  4268 | D:5      | Reached XP level 8. HP: 66/67 MP: 12/12
  4310 | D:5      | Reached * piety under Hepliaklqana
  4346 | D:5      | Identified the +3 helmet "Hero's Friend" {rElec rPois rC++
                  | Regen+ Dex-4}
  4521 | D:5      | Found a sparkling altar of Nemelex Xobeh.
  4642 | D:5      | Found a transporter.
  4802 | D:5      | Noticed Menkaure
  4810 | D:5      | Killed Menkaure
  5001 | Temple   | Entered the Ecumenical Temple
  5107 | D:6      | Found a bloodstained altar of Trog.
  5119 | D:6      | HP: 3/60 [orc priest/divine providence (14)]
  5128 | D:6      | HP: 1/60 [orc priest/divine providence (11)]
  5414 | D:6      | Reached XP level 9. HP: 50/65 MP: 14/14
  5840 | D:6      | Found a sacrificial altar of Ru.
  6238 | D:7      | Reached ** piety under Hepliaklqana
  6239 | D:7      | Remembered your ancestor Psammuthes as a battlemage
  6557 | D:7      | Reached skill level 5 in Invocations
  7367 | D:8      | Noticed a rime drake
  7388 | D:7      | Reached XP level 10. HP: 63/72 MP: 17/17
  7534 | D:8      | Reached skill level 5 in Short Blades
  7534 | D:8      | Reached skill level 5 in Long Blades
  7534 | D:8      | Reached skill level 5 in Maces & Flails
  7534 | D:8      | Reached skill level 5 in Polearms
  7534 | D:8      | Reached skill level 5 in Staves
  7534 | D:8      | Reached skill level 5 in Ranged Weapons
  7534 | D:8      | Reached skill level 5 in Throwing
  7534 | D:8      | Reached skill level 5 in Dodging
  7534 | D:8      | Reached skill level 5 in Stealth
  7534 | D:8      | Reached skill level 5 in Unarmed Combat
  7534 | D:8      | Reached skill level 5 in Spellcasting
  7534 | D:8      | Reached skill level 5 in Evocations
  7640 | D:8      | Reached skill level 5 in Shapeshifting
  7645 | D:8      | Reached *** piety under Hepliaklqana
  7648 | D:8      | Found a staircase to the Lair.
  7862 | D:8      | Found a glowing golden altar of the Shining One.
  8071 | D:9      | Noticed a two-headed ogre
  8290 | D:8      | Killed a two-headed ogre
  8410 | D:9      | Found a flagged portal.
  8424 | Bailey   | Entered a bailey
  8475 | Bailey   | Reached XP level 11. HP: 60/78 MP: 19/19
  8507 | Bailey   | Noticed a vault guard
  8507 | Bailey   | Noticed Prince Ribbit
  8519 | Bailey   | Killed a vault guard
  8520 | Bailey   | Reached skill level 5 in Conjurations
  8520 | Bailey   | Reached skill level 5 in Hexes
  8520 | Bailey   | Reached skill level 5 in Summonings
  8520 | Bailey   | Reached skill level 5 in Necromancy
  8520 | Bailey   | Reached skill level 5 in Translocations
  8520 | Bailey   | Reached skill level 5 in Transmutations
  8520 | Bailey   | Reached skill level 5 in Fire Magic
  8520 | Bailey   | Reached skill level 5 in Ice Magic
  8520 | Bailey   | Reached skill level 5 in Air Magic
  8520 | Bailey   | Reached skill level 5 in Earth Magic
  8520 | Bailey   | Reached skill level 5 in Poison Magic
  8525 | Bailey   | Killed Prince Ribbit
  8556 | Bailey   | Noticed a vault guard
  8569 | Bailey   | Killed a vault guard
  8867 | D:9      | Found the +7 Throatcutter {drain, coup de grace}
  8873 | D:9      | Noticed a soul eater
  8878 | D:9      | Noticed a soul eater
  9087 | D:9      | Found a shimmering blue altar of Sif Muna.
  9143 | D:10     | Entered Level 10 of the Dungeon
  9143 | D:10     | Found Plog's Antique Weapon Boutique.
  9151 | D:10     | Found Retwoez's Weapon Shoppe.
  9346 | D:10     | Reached **** piety under Hepliaklqana
  9564 | D:10     | Noticed a two-headed ogre
  9573 | D:10     | Killed a two-headed ogre
  9599 | D:10     | Found Nuthosyts's Assorted Antiques.
  9605 | D:10     | Noticed a catoblepas
  9612 | D:10     | Killed a catoblepas
  9770 | D:10     | Found Leisch Xeohe's Book Shoppe.
  9775 | D:10     | Found Veukh's Assorted Antiques.
 10581 | Lair:1   | Entered Level 1 of the Lair of Beasts
 10641 | Lair:1   | Found a dark tunnel.
 10646 | Volcano  | Entered a volcano
 10658 | Volcano  | Reached XP level 12. HP: 75/87 MP: 22/22
 10675 | Volcano  | Noticed a sun demon
 10675 | Volcano  | Noticed a sun demon
 10682 | Volcano  | Gained mutation: You passively dampen the noise of your
                  | surroundings. [potion of mutation]
 10682 | Volcano  | Gained mutation: You have hidden genetic defects. [potion
                  | of mutation]
 10682 | Volcano  | Gained mutation: You are dopey. (Int -2) [potion of
                  | mutation]
 10682 | Volcano  | Gained mutation: Your muscles are strong. (Str +4, Int/Dex
                  | -1) [potion of mutation]
 10683 | Volcano  | Killed a sun demon
 10687 | Volcano  | Killed a sun demon
 10783 | Volcano  | Noticed a sun demon
 10798 | Volcano  | Killed a sun demon
 10801 | Volcano  | Gained mutation: You do not regenerate when monsters are
                  | visible. [hidden defects]
 10809 | Volcano  | Reached skill level 10 in Fighting
 10809 | Volcano  | Reached skill level 10 in Armour
 10809 | Volcano  | Reached skill level 10 in Shields
 10880 | Volcano  | Noticed a sun demon
 10881 | Volcano  | Noticed a sun demon
 10885 | Volcano  | Slain by a sun demon

Illustrated notes

Levels and vault maps discovered:
D:1:      minmay_arrival_arboretum_small, layout_basic
D:2:      layout_basic, serial_bayou_pond_a
D:3:      layout_basic, mainiacjoe_overflow_alcove_2,
          mainiacjoe_overflow_concentric_impassable, hangedman_feature_mirror,
          minmay_between, uniq_jessica
D:4:      layout_cave_pools
D:5:      layout_loops_ring, mainiacjoe_overflow_catwalk,
          minmay_temple_entry_overgrown, gammafunk_ghost_stat_death,
          uniq_menkaure, uniq_duvessa, uniq_blork_the_orc
D:6:      layout_loops_corners, lemuel_doored_altar,
          nicolae_ru_the_path_less_chosen
D:7:      minmay_flawed_box, layout_layer_cave
D:8:      layout_rooms, mainiacjoe_overflow_boulevard, hellmonk_lair_entry_icy,
          hangedman_abyss_or_decor_jellyfish_corner, hangedman_decor_peaks_small
D:9:      layout_rooms, tgw_sif, enter_bailey_2, dilly_guarded_unrand_throatcut
D:10:     layout_basic, serial_shops, nicolae_stop_n_shop_1, shop, shop,
          nicolae_shop_dealshenge, nicolae_shop_bloodbath_and_beyond,
          kennysheep_potato
Temple:   eino_wide_crystal_templ
Lair:1:   layout_regular_city, enter_volcano_4, nicolae_quartered_pool_little,
          fungi_pond_lemuel, cheibrodos_lair_caveside_slide, lemuel_oklob_altar
Volcano:  hellmonk_smoking_crater

Skill      XL: |  1  2  3  4  5  6  7  8  9 10 11 12 |
---------------+-------------------------------------+-----
Invocations    | 1 2 3 4 5 6 7 8 |  8.1
Short Blades   | 1 2 3 4 5 7 |  7.4
Long Blades    | 1 2 3 4 5 7 |  7.4
Maces & Flails | 1 2 3 4 5 7 |  7.4
Polearms       | 1 2 3 4 5 7 |  7.4
Staves         | 1 2 3 4 5 7 |  7.4
Ranged Weapons | 1 2 3 4 5 7 |  7.4
Throwing       | 1 2 3 4 5 7 |  7.4
Dodging        | 1 2 3 4 5 7 |  7.4
Stealth        | 1 2 3 4 5 7 |  7.4
Unarmed Combat | 1 2 3 4 5 7 |  7.4
Spellcasting   | 1 2 3 4 5 7 |  7.4
Evocations     | 1 2 3 4 5 7 |  7.4
Shapeshifting  | 1 2 3 4 5 6 |  6.8
Conjurations   | 1 2 3 4 5 6 |  6.2
Hexes          | 1 2 3 4 5 6 |  6.2
Summonings     | 1 2 3 4 5 6 |  6.2
Necromancy     | 1 2 3 4 5 6 |  6.2
Translocations | 1 2 3 4 5 6 |  6.2
Transmutations | 1 2 3 4 5 6 |  6.2
Fire Magic     | 1 2 3 4 5 6 |  6.2
Ice Magic      | 1 2 3 4 5 6 |  6.2
Air Magic      | 1 2 3 4 5 6 |  6.2
Earth Magic    | 1 2 3 4 5 6 |  6.2
Poison Magic   | 1 2 3 4 5 6 |  6.2
Axes           | 5 6 7 8 |  8.8
Fighting       | 7 8 9 10 | 10.0
Armour         | 7 8 9 10 | 10.0
Shields        | 7 8 9 10 | 10.0

Action                     |  1- 3 |  4- 6 |  7- 9 | 10-12 || total
---------------------------+-------+-------+-------+-------++-------
  Melee: War axe           |    20 |       |       |       ||    20
         Bite              |     9 |    36 |    66 |    50 ||   161
         Dagger            |    77 |   158 |   288 |       ||   523
         Club              |       |    99 |   118 |       ||   217
         Whip              |       |       |    19 |   282 ||   301
         Long sword        |       |       |       |   105 ||   105
 Invoke: Ancestor Life: Ba |       |       |     1 |       ||     1
         Recall Ancestor   |       |       |       |     1 ||     1
  Evoke: Wand              |       |       |       |     3 ||     3
    Use: Scroll            |       |       |       |    13 ||    13
         Potion            |       |       |       |     7 ||     7
   Stab: Distracted        |       |     4 |     1 |     6 ||    11
         Sleeping          |       |       |     1 |     3 ||     4
 Armour: Scale mail        |    55 |   137 |   178 |       ||   370
         Leather armour    |       |       |    54 |   223 ||   277
  Dodge: Dodged            |    56 |   103 |   143 |   178 ||   480
  Block: Buckler           |    28 |    71 |   169 |   197 ||   465
         Reflection        |       |       |     3 |     6 ||     9

Table legend: (Time is in decaauts)
 A = Elapsed time spent in this place.
 B = Non-inter-level travel time spent in this place.
 C = Inter-level travel time spent in this place.
 D = Time resting spent in this place.
 E = Time spent auto-exploring this place.
 F = Levels seen in this place.
 G = Mean time per level.
                   A        B        C        D        E       F      G
               +--------+--------+--------+--------+--------+-----+--------+
         Total |  10872 |  10284 |    588 |   1198 |   6624 |  14 |  776.6 |
       Dungeon |  10278 |   9690 |    588 |   1146 |   6392 |  10 | 1027.8 |
        Temple |      1 |      1 |      0 |      0 |      0 |   1 |    1.0 |
          Lair |     63 |     63 |      0 |      0 |     22 |   1 |   63.0 |
        Bailey |    286 |    286 |      0 |      0 |    131 |   1 |  286.0 |
       Volcano |    241 |    241 |      0 |     52 |     78 |   1 |  241.0 |
               +--------+--------+--------+--------+--------+-----+--------+

Top non-repeatable levels by time:
    D:10: 1343 daAuts
     D:5: 1297 daAuts
     D:7: 1218 daAuts
     D:6: 1163 daAuts
     D:4: 1102 daAuts
     D:1: 928 daAuts
     D:2: 884 daAuts
     D:3: 862 daAuts
     D:8: 806 daAuts
     D:9: 670 daAuts
  Bailey: 286 daAuts
 Volcano: 241 daAuts
  Lair:1: 63 daAuts
  Temple: 1 daAuts
